AoeStats
← Rough-Rider

Arena

507172862Analyzed
4v4 RM · 16d ago on Sep 17, 2026· 53m 41s· 8 players
Game mode
Random Map
Map size
Large (8 player)
Population
200
Speed
Normal
Resources
Standard
Victory
Conquest
Starting age
Dark Age
Ending age
Imperial Age
RankedLock teamsTeams togetherTeam positionsShared explorationLock speedFull tech treeHidden civsTurbo modeCheats
Victory
Defeat
🇺🇸 Britons · United States
990
+16
🇪🇸 Spanish · Spain
975
+17
🇦🇷 Franks · Argentina
966
+17
🇨🇴 Romans · Colombia
957
+18
🇨🇱 Italians · Chile
1047
-18
🇲🇽 Berbers · Mexico
1033
-19
🇨🇳 Georgians · China
977
-16
🇨🇳 Slavs · China
935
-15
El Ogro
11:19 Feudal Age
12:38 Loom
15:39 Castle Age
17:19 Wheelbarrow
22:35 Horse Collar
24:21 Double-Bit Axe
24:43 Heavy Plow
26:56 Hand Cart
27:13 Forging
28:19 Bow Saw
31:17 Imperial Age
29:27 Iron Casting
30:58 Scale Barding Armor
31:21 Ballistics
31:12 Ballistas
30:37 Man-at-Arms
31:31 Gold Mining
31:34 Stone Mining
32:10 Chain Barding Armor
31:51 Scale Mail Armor
32:23 Conscription
31:58 Long Swordsman
32:03 Heavy Scorpion
32:48 Legionary
35:17 Chemistry
34:35 Siege Engineers
37:03 Chain Mail Armor
39:18 Blast Furnace
46:38 Comitatenses
49:45 Plate Barding Armor
51:21 Squires
EoLo
10:15 Feudal Age
15:25 Castle Age
13:21 Double-Bit Axe
14:08 Horse Collar
16:01 Loom
16:36 Bow Saw
21:16 Heavy Plow
24:37 Wheelbarrow
25:20 Town Watch
25:39 Husbandry
25:50 Bloodlines
26:32 Hand Cart
26:16 Stone Mining
26:16 Gold Mining
33:21 Imperial Age
31:08 Masonry
30:28 Light Cavalry
31:28 Fletching
31:44 Scale Barding Armor
31:50 Forging
32:03 Ballistics
31:37 Gold Mining
32:22 Stone Shaft Mining
33:25 Town Patrol
33:31 Bodkin Arrow
33:56 Chain Barding Armor
36:13 Chemistry
35:44 Architecture
35:51 Iron Casting
35:17 Bracer
35:18 Padded Archer Armor
35:18 Scale Mail Armor
35:54 Plate Barding Armor
36:23 Two-Man Saw
35:55 Conscription
36:11 Hoardings
35:22 Capped Ram
37:13 Elite Conquistador
43:01 Chain Mail Armor
43:46 Blast Furnace
43:02 Leather Archer Armor
44:35 Pikeman
45:15 Squires
46:17 Plate Mail Armor
45:52 Halberdier
Rough-Rider
11:36 Feudal Age
15:34 Castle Age
13:49 Double-Bit Axe
14:17 Horse Collar
14:44 Stone Mining
15:23 Gold Mining
16:32 Wheelbarrow
17:59 Bow Saw
18:23 Heavy Plow
21:19 Gold Shaft Mining
21:39 Loom
21:41 Town Watch
27:45 Hand Cart
32:08 Imperial Age
30:00 Town Patrol
30:03 Scale Mail Armor
30:14 Forging
30:30 Yeomen
30:10 Man-at-Arms
30:35 Gambesons
30:51 Squires
31:11 Chain Mail Armor
30:47 Fletching
30:20 Pikeman
31:14 Long Swordsman
31:40 Arson
32:34 Iron Casting
32:47 Ballistics
32:09 Treadmill Crane
33:35 Conscription
33:16 Two-Handed Swordsman
33:16 Halberdier
35:27 Two-Man Saw
35:01 Plate Mail Armor
36:23 Capped Ram
36:26 Champion
37:53 Caravan
38:34 Guilds
40:04 Hoardings
40:45 Masonry
43:09 Blast Furnace
42:05 Bodkin Arrow
43:12 Chemistry
42:09 Murder Holes
46:00 Bracer
46:00 Padded Archer Armor
46:06 Scale Barding Armor
46:29 Warwolf
46:46 Elite Longbowman
48:40 Siege Engineers
49:06 Architecture
49:00 Chain Barding Armor
53:57 Leather Archer Armor
El Lobizon Chinchu
1:30 Loom
10:39 Feudal Age
12:45 Double-Bit Axe
12:57 Gold Mining
19:41 Castle Age
22:52 Bow Saw
22:09 Elite Skirmisher
23:42 Gold Shaft Mining
24:31 Ballistics
25:02 Wheelbarrow
27:09 Hand Cart
26:49 Stone Mining
26:58 Fletching
27:09 Padded Archer Armor
28:35 Husbandry
35:54 Imperial Age
38:02 Chemistry
37:02 Bodkin Arrow
37:25 Leather Archer Armor
39:04 Murder Holes
38:42 Elite Throwing Axeman
40:39 Cavalier
41:59 Forging
41:51 Scale Mail Armor
44:55 Paladin
45:54 Squires
46:31 Pikeman
47:20 Halberdier
49:25 Conscription
52:24 Arson
Locomaxi
11:17 Feudal Age
15:19 Castle Age
13:45 Double-Bit Axe
14:57 Horse Collar
15:17 Stone Mining
18:02 Town Watch
18:05 Loom
22:54 Fletching
25:13 Wheelbarrow
27:17 Bow Saw
27:56 Heavy Plow
27:51 Gold Mining
28:31 Hand Cart
29:21 Town Patrol
29:50 Ballistics
33:08 Imperial Age
30:22 Treadmill Crane
31:31 Fortified Wall
32:03 Squires
31:48 Arson
32:57 Bodkin Arrow
33:02 Padded Archer Armor
33:32 Scale Mail Armor
33:43 Forging
34:15 Conscription
35:04 Chemistry
34:38 Chain Mail Armor
35:17 Crop Rotation
35:50 Two-Man Saw
35:28 Stone Shaft Mining
34:58 Bracer
36:10 Iron Casting
35:39 Padded Archer Armor
35:12 Elite Genoese Crossbowman
36:39 Masonry
37:10 Leather Archer Armor
37:42 Town Patrol
39:17 Architecture
39:16 Pirotechnia
40:04 Hoardings
41:16 Plate Mail Armor
41:47 Blast Furnace
41:21 Ring Archer Armor
45:05 Murder Holes
45:35 Bombard Tower
45:56 Elite Skirmisher
46:42 Thumb Ring
47:03 Guard Tower
48:24 Keep
47:34 Arrowslits
Danny chan
10:24 Feudal Age
15:55 Castle Age
14:01 Double-Bit Axe
13:58 Horse Collar
20:55 Fervor
23:07 Heavy Plow
27:52 Scale Barding Armor
27:58 Forging
28:34 Gold Mining
28:37 Stone Mining
28:48 Stone Mining
29:14 Bow Saw
32:25 Imperial Age
29:41 Loom
30:42 Squires
30:27 Arson
30:03 Pikeman
31:43 Scale Mail Armor
32:19 Iron Casting
31:34 Treadmill Crane
33:09 Chain Mail Armor
33:16 Chain Barding Armor
33:52 Stone Shaft Mining
34:01 Fortified Wall
33:49 Murder Holes
34:36 Conscription
33:47 Halberdier
35:34 Blast Furnace
35:24 Hoardings
36:08 Svan Towers
35:35 Sappers
36:28 Svan Towers
37:53 Plate Mail Armor
37:13 Arrowslits
37:01 Elite Monaspa
40:53 Plate Barding Armor
41:03 Herbal Medicine
46:17 Aznauri Cavalry
49:30 Caravan
50:08 Siege Engineers
sinaimontesinos82
11:30 Feudal Age
13:48 Loom
16:47 Castle Age
15:31 Double-Bit Axe
15:38 Horse Collar
17:50 Fletching
20:16 Gold Mining
21:58 Heavy Plow
22:11 Bow Saw
23:06 Bodkin Arrow
24:51 Bloodlines
26:09 Wheelbarrow
28:13 Husbandry
28:58 Scale Barding Armor
29:47 Thumb Ring
29:47 Town Watch
30:48 Kasbah
30:56 Town Patrol
31:14 Hand Cart
31:14 Heavy Plow
32:08 Chain Barding Armor
32:34 Gold Shaft Mining
36:17 Imperial Age
34:47 Ballistics
34:08 Treadmill Crane
34:39 Masonry
34:32 Padded Archer Armor
34:42 Forging
34:47 Kasbah
37:03 Bracer
37:38 Iron Casting
37:39 Plate Barding Armor
37:09 Maghrebi Camels
37:17 Heavy Camel Rider
38:44 Conscription
38:40 Elite Genitour
40:23 Chemistry
41:40 Blast Furnace
40:56 Leather Archer Armor
44:28 Light Cavalry
45:45 Ring Archer Armor
46:19 Stone Mining
48:27 Crop Rotation
47:42 Hussar
欢乐小菜鸟
11:41 Feudal Age
15:27 Castle Age
13:37 Double-Bit Axe
13:51 Horse Collar
17:53 Bow Saw
19:31 Wheelbarrow
24:14 Hand Cart
24:38 Gold Mining
24:38 Stone Mining
26:31 Gold Shaft Mining
28:46 Imperial Age
26:02 Loom
26:02 Town Watch
26:36 Heavy Plow
26:47 Scale Barding Armor
27:48 Chain Barding Armor
29:09 Forging
30:06 Conscription
30:17 Druzhina
30:22 Detinets
30:58 Druzhina
30:21 Elite Boyar
30:25 Pikeman
31:05 Squires
32:07 Plate Barding Armor
31:33 Scale Mail Armor
32:09 Iron Casting
31:57 Husbandry
32:08 Bloodlines
33:32 Two-Man Saw
32:38 Man-at-Arms
32:48 Halberdier
34:11 Chain Mail Armor
33:30 Long Swordsman
34:54 Crop Rotation
34:29 Two-Handed Swordsman
34:46 Capped Ram
35:19 Champion
37:58 Siege Engineers
39:19 Siege Ram
43:37 Plate Mail Armor
46:28 Caravan
47:41 Hoardings
Connection lost

Rejoining the realm…

Still unreachable

The connection could not be restored.

Session expired

The server has moved on; the page needs a fresh start.